 Dungeon Crawl Stone Soup version 0.28-a0-819-g6ef7baa362 (webtiles) character file.

Game seed: 15623848514635474676

38327 lawman0 the Executioner (level 14, 0/187 HPs)
             Began as a Hill Orc Monk on Nov 8, 2021.
             Was a Priest of Elyvilon.
             Slain by a minotaur (10 damage)
             ... in a Gauntlet.
             The game lasted 00:25:33 (22077 turns).

lawman0 the Executioner (Hill Orc Monk)            Turns: 22077, Time: 00:25:34

Health: 0/187      AC: 31    Str: 19    XL:     14   Next: 1%
Magic:  22/22      EV:  2    Int: 10    God:    Elyvilon [***...]
Gold:   784        SH:  0    Dex: 13    Spells: 13/13 levels left

rFire   + . .      SeeInvis .   a - +2 battleaxe (venom)
rCold   . . .      Faith    .   (shield currently unavailable)
rNeg    . . .      Spirit   .   (armour currently unavailable)
rPois   +          Reflect  .   (helmet currently unavailable)
rElec   .          Harm     .   (cloak currently unavailable)
rCorr   .          Rampage  .   (gloves currently unavailable)
Will    +....      NoTele   +   (boots currently unavailable)
Stlth   ++........              (no amulet)
HPRegen 0.41/turn               h - +4 ring of protection
MPRegen 0.18/turn               i - ring of protection from fire

@: mighty, tree-form
A: stationary, stasis, torment immunity, boosted hp
a: Renounce Religion, Purification, Heal Other, Heal Self


You were in a Gauntlet.
You worshipped Elyvilon.
Elyvilon was most pleased with you.
You were a tree.
You visited 3 branches of the dungeon, and saw 17 of its levels.
You also visited: Gauntlet.

You collected 872 gold pieces.
You spent 88 gold pieces at shops.

Inventory:

Hand Weapons
 a - a +2 battleaxe of venom (weapon)
Missiles
 o - 4 datura-tipped darts
 p - 9 curare-tipped darts (quivered)
 s - a throwing net
Armour
 b - +0 ice dragon scales (melded)
 r - a +2 hat of stealth (melded)
Jewellery
 h - a +4 ring of protection (left branch)
 i - a ring of protection from fire (right branch)
 u - the ring of Ecamuamn {Fly rCorr Str+4 Int-3}
   (You found it in a Gauntlet)

   [ring of flight]

   Str:       It affects your strength (+4).
   Int:       It affects your intelligence (-3).
   Fly:       It grants you flight.
   rCorr:     It protects you from acid and corrosion.
 I - a ring of protection from fire
Wands
 j - a wand of charming (10)
 m - a wand of flame (54)
 z - a wand of polymorph (6)
 H - a wand of acid (9)
Scrolls
 c - a scroll of blinking
 d - a scroll of fear
 f - 5 scrolls of vulnerability
 l - 3 scrolls of enchant armour
 n - a scroll of fog
 w - 2 scrolls of magic mapping
 x - 2 scrolls of amnesia
 y - 7 scrolls of identify
 C - 3 scrolls of summoning
 K - a scroll of teleportation
Potions
 e - a potion of invisibility
 k - 2 potions of brilliance
 q - a potion of might
 t - 5 potions of haste
 A - a potion of cancellation
 B - a potion of resistance
 E - a potion of ambrosia
 G - 2 potions of curing
Miscellaneous
 J - a phial of floods (inert)


   Skills:
 + Level 11.7 Fighting
 * Level 21.2 Axes
 + Level 9.6 Armour
 + Level 5.6 Dodging
 - Level 3.0 Stealth
 * Level 11.9 Invocations
 + Level 1.0 Evocations


You had 13 spell levels left.
You didn't know any spells.
Your spell library contained the following spells:

 Spells                   Type           Power      Damage    Failure   Level
 Summon Small Mammal      Summ           0%         N/A       36%         1
 Corpse Rot               Necr/Air       0%         N/A       50%         2
 Poisonous Vapours        Pois/Air       0%         N/A       50%         2
 Call Canine Familiar     Summ           0%         N/A       75%         3
 Portal Projectile        Hex/Tloc       0%         N/A       75%         3
 Summon Guardian Golem    Hex/Summ       0%         N/A       75%         3
 Leda's Liquefaction      Hex/Erth       0%         N/A       98%         4


Dungeon Overview and Level Annotations

Branches:
Dungeon (10/15)            Temple (1/1) D:5            Lair (6/6) D:9
 Shoals (0/4) Lair:2        Snake (0/4) Lair:3        Slime (0/5) Lair:5
    Orc (0/2) D:10        Gauntlet (1/1)

Altars:
Ashenzari
Cheibriados
Dithmenos
Elyvilon
Fedhas
Gozag
Hepliaklqana
Kikubaaqudgha
Makhleb
Nemelex Xobeh
Okawaru
Qazlal
Ru
Sif Muna
Trog
Uskayaw
Vehumet
Wu Jian
Xom
Yredelemnul
Zin
The Shining One
Jiyva

Shops:
D:3 :   D:5 (

Annotations:
D:3 1 runed translucent door, Crazy Yiuf
D:5 1 transporter, SirDiesAlot's ghost, weakling MiDe
Lair:5 1 runed translucent door Gauntlet 8 transporters


Message History

You slash the minotaur!
The minotaur is poisoned.
The minotaur is moderately wounded.
The minotaur hits you! The minotaur gores you!
You hit the minotaur but do no damage.
The minotaur is lightly wounded.
The minotaur hits you!! The minotaur closely misses you.
You barely miss the minotaur.
The minotaur furiously retaliates!
The minotaur headbutts you, but does no damage.
The minotaur is lightly wounded.
You closely miss the minotaur.
The minotaur furiously retaliates!
The minotaur headbutts you!
The minotaur is lightly wounded.
The minotaur barely misses you. The minotaur gores you!
Really quaff the potion of lignification?
You turn into a tree.
Your +2 hat of stealth melds into your body.
Your +0 ice dragon scales melds into your body.
You feel less stealthy.
Your roots penetrate the ground.
The minotaur hits you.
The minotaur gores you but does no damage.
You completely miss the minotaur.
The minotaur is lightly wounded.
The minotaur hits you!!
* * * LOW HITPOINT WARNING * * *
The minotaur gores you!!
* * * LOW HITPOINT WARNING * * *
You feel very mighty all of a sudden.
The minotaur hits you but does no damage.
The minotaur gores you!
* * * LOW HITPOINT WARNING * * *
You hit the minotaur but do no damage.
The minotaur is lightly wounded.
You slash the minotaur!
The minotaur looks as sick as possible!
The minotaur is moderately wounded.
The minotaur hits you but does no damage.
The minotaur gores you!
* * * LOW HITPOINT WARNING * * *
You barely miss the minotaur.
The minotaur is moderately wounded.
The minotaur hits you!
You die...

##...# #≈...# ##...#
#≈...#
##############....
####........#.####.8.
#....######.#..##≈...
#.####....#.#...##...
#.#.♣H.# #.#....#...
#.#.##.# #.#.©8.#...
#.#.# ⌠# #.#....#...
#...# # #...©8.#.8.
#.#.# #.#....#...
#.#.#### #.#.©8.#...
#.#....## #.#....#...
#.####..# #.#...##...
#.. #### #.#..##≈...


You could see a minotaur (strong, extremely poisoned).

Vanquished Creatures
  A reaper (Gauntlet)
  10 death yaks (Lair:5)
  A two-headed ogre (D:6)
  Pikel (D:5)
  10 elephants
  4 black mambas
  An apocalypse crab (Gauntlet)
  3 komodo dragons
  Psyche (D:9)
  A rime drake (Lair:4)
  A troll (D:7)
  A hornet (D:10)
  A hellwing (Gauntlet)
  2 polar bears
  7 dream sheep (Lair:4)
  10 blink frogs
  A wyvern (Lair:4)
  31 yaks
  A steam dragon (D:5)
  2 nagas (Lair:3)
  12 water moccasins
  6 orc warriors
  A black bear (D:6)
  3 ogres
  A sky beast (D:6)
  2 necrophages
  15 wolves
  4 centaurs
  3 lemures (D:6)
  3 kobold brigands
  11 bullfrogs
  4 scorpions
  A water moccasin zombie (D:5)
  3 gnoll sergeants
  6 howler monkeys
  2 electric eels (D:6)
  A bullfrog zombie (D:5)
  3 centaur zombies
  2 centaur skeletons (D:7)
  A jelly (D:7)
  2 gnoll shamans
  10 orc priests
  4 hounds
  2 iguanas
  10 orc wizards
  2 hell rats (Lair:1)
  A killer bee zombie (D:9)
  A howler monkey skeleton (D:6)
  A howler monkey zombie (D:7)
  8 river rats (Lair:1)
  3 adders
  22 gnolls
  3 shadow imps
  An ufetubus (D:6)
  4 worms
  2 dart slugs
  25 orcs
  7 ball pythons (D:1)
  6 bats
  7 endoplasms
  3 giant cockroaches
  3 goblins
  7 hobgoblins
  21 kobolds
  2 quokkas
  A frilled lizard (D:2)
  6 rats
338 creatures vanquished.

Vanquished Creatures (collateral kills)
  An orc (D:10)
  A hobgoblin (D:10)
2 creatures vanquished.

Vanquished Creatures (others)
  A black mamba (Lair:5)
  A cane toad (Lair:3)
  A yak (Lair:1)
  A naga (Lair:3)
  A water moccasin (Lair:1)
  A centaur (Lair:2)
  A howler monkey (D:6)
  A jelly (D:6)
  An orc (D:6)
  A demonic plant (Gauntlet)
  19 fungi
  34 plants
63 creatures vanquished.

Grand Total: 403 creatures vanquished

Notes
Turn   | Place    | Note
-------+----------+-------------------------------------------
     0 | D:1      | lawman0 the Hill Orc Monk began the quest for the Orb.
     0 | D:1      | Reached XP level 1. HP: 19/19 MP: 1/1
   425 | D:1      | Reached XP level 2. HP: 27/27 MP: 2/2
  1056 | D:1      | Reached XP level 3. HP: 23/33 MP: 3/3
  1185 | D:1      | Reached skill level 5 in Axes
  1854 | D:2      | Found a faded altar of an unknown god.
  2630 | D:3      | Found a runed translucent door.
  2631 | D:3      | Noticed Crazy Yiuf
  2787 | D:3      | Found Xolet's Book Emporium.
  2819 | D:3      | Found a snail-covered altar of Cheibriados.
  2854 | D:3      | Reached skill level 1 in Armour
  2898 | D:3      | Reached XP level 4. HP: 35/40 MP: 4/4
  3216 | D:4      | Noticed a necrophage
  3235 | D:4      | Killed a necrophage
  3236 | D:4      | Reached skill level 6 in Axes
  3236 | D:4      | Reached XP level 5. HP: 33/46 MP: 5/5
  3466 | D:4      | Reached XP level 6. HP: 11/52 MP: 6/6
  3759 | D:4      | Reached skill level 7 in Axes
  4485 | D:5      | Entered Level 5 of the Dungeon
  4564 | D:5      | Found a transporter.
  4565 | D:5      | Identified the +1 dire flail of Dominance {flame, rC+ rN+}
  4565 | D:5      | Noticed SirDiesAlot's ghost (weakling MiDe)
  4619 | D:5      | Found a transporter.
  4635 | D:5      | Reached XP level 7. HP: 42/60 MP: 7/7
  4809 | D:5      | Found Gylucly's Weapon Boutique.
  4820 | D:5      | Bought 4 datura-tipped darts for 17 gold pieces
  4840 | D:5      | Noticed a steam dragon
  4886 | D:5      | Reached skill level 8 in Axes
  4997 | D:5      | Reached skill level 5 in Fighting
  5011 | D:5      | Found a staircase to the Ecumenical Temple.
  5022 | D:5      | Found a burning altar of Makhleb.
  5024 | Temple   | Entered the Ecumenical Temple
  5100 | Temple   | Became a worshipper of Elyvilon the Healer
  5100 | Temple   | Reached * piety under Elyvilon
  5100 | Temple   | Reached ** piety under Elyvilon
  5120 | D:5      | Found a blossoming altar of Fedhas.
  5302 | D:5      | Reached skill level 9 in Axes
  5321 | D:5      | Killed a steam dragon
  5322 | D:5      | Reached XP level 8. HP: 46/68 MP: 5/8
  5880 | D:6      | Reached skill level 10 in Axes
  5965 | D:6      | Noticed a two-headed ogre
  6019 | D:6      | Noticed Pikel
  6067 | D:5      | Killed Pikel
  6068 | D:5      | Reached skill level 11 in Axes
  6456 | D:6      | Reached XP level 9. HP: 75/75 MP: 5/11
  6599 | D:6      | Killed a two-headed ogre
  6600 | D:6      | Reached skill level 12 in Axes
  6600 | D:6      | Reached skill level 5 in Armour
  6793 | D:6      | Found a transporter.
  6800 | D:6      | Found a transporter.
  7521 | D:6      | Noticed a moth of wrath
  7524 | D:6      | Found a bloodstained altar of Trog.
  8173 | D:7      | Reached *** piety under Elyvilon
  8224 | D:7      | Reached skill level 5 in Invocations
  8435 | D:7      | Reached skill level 13 in Axes
  8472 | D:7      | Noticed a troll
  8501 | D:7      | Killed a troll
  8502 | D:7      | Reached XP level 10. HP: 31/84 MP: 9/13
  9081 | D:8      | Found an ancient bone altar of Kikubaaqudgha.
  9314 | D:7      | Reached skill level 14 in Axes
  9906 | D:8      | Found a broken altar of Ashenzari.
  9942 | D:8      | Found a hide-covered altar of Uskayaw.
 10048 | D:8      | Found a shimmering altar of Xom.
 10120 | D:8      | Found a sacrificial altar of Ru.
 10565 | D:9      | Reached **** piety under Elyvilon
 11123 | D:9      | Noticed Psyche
 11162 | D:10     | Entered Level 10 of the Dungeon
 11236 | D:10     | Found a staircase to the Orcish Mines.
 11760 | D:10     | Reached skill level 15 in Axes
 12439 | D:10     | Reached skill level 1 in Evocations
 12447 | D:10     | Reached XP level 11. HP: 66/95 MP: 16/16
 12882 | D:9      | Reached ***** piety under Elyvilon
 12927 | D:9      | Killed Psyche
 13099 | D:9      | Found a staircase to the Lair.
 13384 | D:9      | Upgraded the game from 0.28-a0-816-gb054d885db to
                  | 0.28-a0-819-g6ef7baa362
 13496 | Lair:1   | Entered Level 1 of the Lair of Beasts
 13653 | D:5      | Bought a +0 battleaxe for 71 gold pieces
 14132 | Lair:1   | Reached skill level 16 in Axes
 14205 | Lair:1   | Elyvilon protects you from harm!
 15583 | Lair:2   | Reached skill level 17 in Axes
 15853 | Lair:2   | Found a staircase to the Shoals.
 16654 | Lair:3   | Reached XP level 12. HP: 74/105 MP: 18/18
 17118 | Lair:3   | Reached skill level 18 in Axes
 17254 | Lair:3   | Noticed a five-headed hydra
 17255 | Lair:3   | Pacified a five-headed hydra
 17364 | Lair:3   | Reached skill level 5 in Dodging
 17772 | Lair:3   | Found a staircase to the Snake Pit.
 18178 | Lair:4   | Reached skill level 10 in Fighting
 18178 | Lair:4   | Reached skill level 10 in Invocations
 18193 | Lair:4   | Reached skill level 19 in Axes
 18565 | Lair:4   | Reached XP level 13. HP: 93/114 MP: 17/20
 19485 | Lair:5   | Reached skill level 20 in Axes
 19504 | Lair:5   | Found a runed translucent door.
 20401 | Lair:5   | Found a viscous altar of Jiyva.
 20402 | Lair:5   | Noticed an acid blob
 20402 | Lair:5   | Noticed an acid blob
 20403 | Lair:5   | Found a staircase to the Slime Pits.
 20757 | Lair:5   | Reached skill level 21 in Axes
 21216 | Lair:6   | Entered Level 6 of the Lair of Beasts
 21292 | Lair:6   | Found a gate leading to a gauntlet.
 21296 | Gauntlet | Entered a Gauntlet
 21296 | Gauntlet | Found a transporter.
 21479 | Gauntlet | Found a runed translucent door.
 21480 | Gauntlet | Found a transporter.
 21482 | Gauntlet | Found a runed translucent door.
 21492 | Gauntlet | Found a transporter.
 21496 | Gauntlet | Found a transporter.
 21504 | Gauntlet | Noticed a reaper
 21506 | Gauntlet | Found a transporter.
 21526 | Gauntlet | Found a transporter.
 21540 | Gauntlet | Found a transporter.
 21543 | Gauntlet | Noticed a quicksilver ooze
 21545 | Gauntlet | Found a transporter.
 21562 | Gauntlet | Found a transporter.
 21566 | Gauntlet | Found a transporter.
 21574 | Gauntlet | Found a transporter.
 21597 | Gauntlet | Found a transporter.
 21734 | Gauntlet | HP: 2/175 [reaper (18)]
 21739 | Gauntlet | HP: 5/175 [reaper (35)]
 21740 | Gauntlet | Elyvilon protects you from harm!
 21746 | Gauntlet | Killed a reaper
 21747 | Gauntlet | Reached XP level 14. HP: 62/125 MP: 17/22
 21776 | Gauntlet | Identified the +6 bardiche "Sashrupt" {drain, rElec rF+
                  | Int+4 SInv}
 21786 | Gauntlet | Identified the ring of Ecamuamn {Fly rCorr Str+4 Int-3}
 22076 | Gauntlet | HP: 9/187 [minotaur (12)]
 22077 | Gauntlet | Slain by a minotaur

Illustrated notes

Levels and vault maps discovered:
D:1:      dpeg_arrival_simpleton_a, layout_basic, roderic_malta_cross,
          minivault_4, minmay_tall_x
D:2:      layout_basic, chequers_ecumenical_altar_island
D:3:      layout_basic, lemuel_doored_altar, serial_shops, shop,
          small_statue_intersection, uniq_crazy_yiuf_cottage
D:4:      layout_cave_pools
D:5:      layout_loops_ring, chequers_temple_overflow_statue_of_worship,
          temple_fountains, serial_shops, nicolae_lakefront_shop,
          gammafunk_ghost_smash
D:6:      gammafunk_steamed_eel, layout_cave_pods, tgw_trog, uniq_pikel
D:7:      layout_basic, serial_curves, eino_curves_02, eino_curves_03
D:8:      layout_loops_corners, mainiacjoe_overflow_alcove_4,
          mainiacjoe_overflow_concentric_impassable,
          mainiacjoe_overflow_catwalk, mainiacjoe_overflow_brackets,
          xom_teletrap_fun, kennysheep_decorative_pillar
D:9:      layout_stronghold, grunt_lair_entry_orc_guard_hut, uniq_psyche
D:10:     layout_roguey, erik_orc_4
Temple:   dshaligram_water_room_temple
Lair:1:   layout_regular_city, kennysheep_rathole
Lair:2:   layout_chaotic_city, minmay_shoals_entry_centaurs
Lair:3:   layout_cave_pods, minmay_snake_entry_guardpost_small,
          beast_lair_carwin_9
Lair:4:   layout_cave_pods, st_stairs_11, grunt_megastairs_3
Lair:5:   layout_loops_ring, slime_altar_2, st_stairs_7, grunt_megastairs_2,
          lemuel_fruit_fields
Lair:6:   due_jungle_book, layout_regular_city, gauntlet_entry_generic,
          infiniplex_staircase_pool_2, serial_bayou_shore_b
Gauntlet: minmay_gauntlet_mixed_oops_all_seconds
          [minmay_gauntlet_arena_77_cramped, gammafunk_gauntlet_arena_corners,
          minmay_gauntlet_arena_77_two_paths,
          nicolae_gauntlet_arena_flowing_pool,
          minmay_gauntlet_arena_77_block_sizes, gammafunk_gauntlet_arena_mazey,
          dreamdust_gauntlet_exit_labyrinth]

Skill      XL: |  1  2  3  4  5  6  7  8  9 10 11 12 13 |
---------------+----------------------------------------+-----
Axes           | 5 6 7 9 11 13 15 17 19 21 | 21.2
Fighting       | 4 5 6 8 9 10 11 | 11.7
Armour         | 1 2 3 4 5 6 7 8 9 |  9.6
Dodging        | 3 4 5 |  5.6
Stealth        | 2 3 |  3.0
Invocations    | 2 5 6 8 10 11 | 11.9
Evocations     | 1 |  1.0

Action                   |  1- 3 |  4- 6 |  7- 9 | 10-12 | 13-15 || total
-------------------------+-------+-------+-------+-------+-------++-------
Melee: Hand axe          |   156 |   144 |   168 |       |       ||   468
       War axe           |       |       |    77 |   290 |       ||   367
       Battleaxe         |       |       |       |   242 |   190 ||   432
Throw: Dart              |       |       |       |     2 |       ||     2
Invok: Heal Other        |       |       |     8 |    22 |    12 ||    42
       Heal Self         |       |       |     2 |     2 |     6 ||    10
       Purification      |       |       |       |     2 |       ||     2
       Divine Vigour     |       |       |       |     1 |       ||     1
Evoke: Wand              |       |       |     7 |     2 |       ||     9
       Phial of floods   |       |       |       |       |     1 ||     1
  Use: Scroll            |     2 |     2 |     4 |    17 |     2 ||    27
       Potion            |       |     2 |     2 |     3 |     9 ||    16
 Stab: Sleeping          |     1 |       |       |       |       ||     1
       Held in net/web   |       |       |     1 |       |       ||     1
Armor: Robe              |    15 |       |       |       |       ||    15
       Leather armour    |    22 |       |       |       |       ||    22
       Ring mail         |    12 |    88 |   125 |   148 |       ||   373
       Plate armour      |       |       |       |    66 |       ||    66
       Ice dragon scales |       |       |       |    87 |    80 ||   167
       Skin              |       |       |       |    30 |     5 ||    35
Dodge: Dodged            |   104 |    80 |   144 |   288 |    96 ||   712

Table legend: (Time is in decaauts)
 A = Elapsed time spent in this place.
 B = Non-inter-level travel time spent in this place.
 C = Inter-level travel time spent in this place.
 D = Time resting spent in this place.
 E = Time spent auto-exploring this place.
 F = Levels seen in this place.
 G = Mean time per level.
                   A        B        C        D        E       F      G
               +--------+--------+--------+--------+--------+-----+--------+
         Total |  21866 |  20749 |   1117 |   3505 |  13928 |  18 | 1214.8 |
       Dungeon |  13612 |  12842 |    770 |   1952 |   8883 |  10 | 1361.2 |
        Temple |     92 |     77 |     15 |      0 |     62 |   1 |   92.0 |
          Lair |   7391 |   7059 |    332 |   1114 |   4874 |   6 | 1231.8 |
      Gauntlet |    770 |    770 |      0 |    439 |    109 |   1 |  770.0 |
               +--------+--------+--------+--------+--------+-----+--------+

Top non-repeatable levels by time:
     D:5: 1828 daAuts
     D:1: 1742 daAuts
  Lair:1: 1665 daAuts
  Lair:3: 1623 daAuts
     D:6: 1596 daAuts
     D:7: 1591 daAuts
  Lair:4: 1581 daAuts
    D:10: 1561 daAuts
     D:9: 1457 daAuts
  Lair:5: 1374 daAuts
     D:8: 1086 daAuts
  Lair:2: 1063 daAuts
     D:4: 1062 daAuts
     D:3: 855 daAuts
     D:2: 830 daAuts
